 Dungeon Crawl Stone Soup version 0.32-a0-876-gcfddb08e57 (webtiles) character file.

Game seed: 11321363148779602420

485 Lanoc the Shooter (level 7, -3/54 HPs)
             Began as a Coglin Hunter on Apr 1, 2024.
             Was a Follower of Qazlal.
             Slain by a water moccasin zombie (5 damage)
             ... in an ossuary.
             The game lasted 00:04:07 (3359 turns).

Lanoc the Shooter (Coglin Hunter)                   Turns: 3359, Time: 00:04:07

Health: -3/54      AC:  4    Str: 11    XL:     7   Next: 13%
Magic:  7/7        EV: 12    Int:  8    God:    Qazlal [*.....]
Gold:   250        SH:  2    Dex: 20    Spells: 6/6 levels left

rFire   . . .        a - +2 sling {Juwon}
rCold   . . .        d - +0 sling {Cipactli}
rNeg    . . .        c - +0 leather armour
rPois   .            (no helmet)
rElec   .            l - +0 cloak
rCorr   .            (no gloves)
SInv    .            (no boots)
Will    .....        (amulet unavailable)
Stlth   ++           (ring unavailable)
HPRegen 0.29/turn    (ring unavailable)
MPRegen 0.10/turn    (no gizmo)

%: no passive effects
@: revved
A: off-hand wielding, slow wielding, warmup strikes, no jewellery
a: Invent Gizmo, Renounce Religion


You were in an ossuary.
You worshipped Qazlal.
Qazlal was aware of your devotion.
You visited 1 branch of the dungeon, and saw 4 of its levels.
You also visited: Ossuary.

You collected 250 gold pieces.

Inventory:

Hand Weapons
 a - a +2 sling (weapon) {Juwon}
 d - a +0 sling (offhand) {Cipactli}
Missiles
 m - 5 curare-tipped darts
Armour
 c - a +0 leather armour (worn)
 l - a +0 cloak (worn)
Scrolls
 b - a scroll of butterflies
 f - 2 scrolls of enchant armour
 g - 2 scrolls of identify
 h - a scroll of fog
 i - a scroll of blinking
 n - 2 scrolls of teleportation
Potions
 j - a potion of magic
 k - a potion of invisibility
 o - a potion of enlightenment


   Skills:
 + Level 4.0 Fighting
 * Level 5.9 Ranged Weapons
 + Level 3.7 Dodging
 - Level 0.7 Stealth


You had 6 spell levels left.
You didn't know any spells.
Your spell library contained the following spells:

 Spells                   Type           Power      Damage    Failure   Level
 Apportation              Tloc           0%         N/A       50%         1
 Necrotise                Necr           0%         1d4       50%         1
 Sting                    Conj/Alch      0%         1d3       50%         1
 Summon Small Mammal      Summ           0%         N/A       50%         1
 Call Canine Familiar     Summ           0%         N/A       86%         3
 Frozen Ramparts          Ice            0%         1d1       86%         3
 Ozocubu's Armour         Ice            0%         N/A       86%         3
 Summon Blazeheart Golem  Fire/Summ      0%         N/A       99%         4
 Metabolic Englaciation   Hex/Ice        0%         N/A       100%        5


Dungeon Overview and Level Annotations

Branches:
Dungeon (4/15)            Ossuary (1/1)
 Temple: D:4-7

Altars:
Fedhas
Nemelex Xobeh
Qazlal
Sif Muna

Shops:
D:1 !   D:3 [

Annotations:
D:4 2 transporters, Thrusty's ghost, novice CoCK


Innate Abilities, Weirdness & Mutations

You can wield a second weapon in your off-hand.
It takes a long time for you to wield or remove held weapons.
Your first few attacks do less damage.
You cannot equip rings or amulets.


Message History

You shoot a sling bullet.
The sling bullet closely misses the water moccasin zombie.
The sling bullet hits the gnoll zombie.
The gnoll zombie is almost destroyed.
The water moccasin zombie barely misses you. x2
Fire: a) +2 sling {Juwon}
Press: ? - help, Q - select action, (/) - cycle Shift-Dir - straight line, f/p - water moccasin zombie
Aim: a water moccasin zombie (severely damaged, 66% to hit)
You shoot a sling bullet.
The sling bullet hits the water moccasin zombie but does no damage.
The water moccasin zombie is severely damaged.
You shoot a sling bullet.
The sling bullet barely misses the water moccasin zombie.
The sling bullet barely misses the gnoll zombie.
The water moccasin zombie bites you.
* * * LOW HITPOINT WARNING * * *
Fire: a) +2 sling {Juwon}
Press: ? - help, Q - select action, (/) - cycle Shift-Dir - straight line, f/p - water moccasin zombie
Aim: a water moccasin zombie (severely damaged, 66% to hit)
You shoot a sling bullet.
The sling bullet hits the water moccasin zombie.
The water moccasin zombie is severely damaged.
You shoot a sling bullet.
The sling bullet hits the water moccasin zombie.
The water moccasin zombie is almost destroyed.
The water moccasin zombie misses you. The water moccasin zombie bites you.
* * * LOW HITPOINT WARNING * * *
Fire: a) +2 sling {Juwon}
Press: ? - help, Q - select action, (/) - cycle Shift-Dir - straight line, f/p - water moccasin zombie
Aim: a water moccasin zombie (almost destroyed, 66% to hit)
You shoot a sling bullet.
The sling bullet hits the water moccasin zombie.
The water moccasin zombie is almost destroyed.
You shoot a sling bullet.
The sling bullet completely misses the water moccasin zombie.
The sling bullet hits the gnoll zombie.
You destroy the gnoll zombie!
Qazlal accepts your kill. The water moccasin zombie bites you.
You die...

### #########
+... #...#...#
#....#...'...#
#....Z@°.#...#
##########)###
#...# #...#
#...# #...#
#'### #...#
#...#


You could see a water moccasin zombie.

Vanquished Creatures
  2 kobold brigands (D:4)
  A water moccasin zombie (Ossuary)
  A burial acolyte (Ossuary)
  Crazy Yiuf (D:2)
  Jessica (D:2)
  Natasha (thrice) (D:2)
  A crocodile zombie (Ossuary)
  2 adder zombies (Ossuary)
  4 dart slugs
  A ribbon worm (D:2)
  2 bats (D:1)
  4 endoplasms
  3 giant cockroaches
  7 gnoll zombies (Ossuary)
  A goblin (D:1)
  11 hobgoblins
  2 jackals (D:2)
  2 quokkas
  8 ball pythons
  4 frilled lizards
  2 jackal zombies (Ossuary)
  13 kobolds
  5 orc zombies (Ossuary)
  6 rats
87 creatures vanquished.

Notes
Turn   | Place    | Note
-------+----------+-------------------------------------------
     0 | D:1      | Lanoc the Coglin Hunter began the quest for the Orb.
     0 | D:1      | Reached XP level 1. HP: 16/16 MP: 1/1
     3 | D:1      | Noticed an electric eel
     4 | D:1      | Noticed an electric eel
   123 | D:1      | Reached XP level 2. HP: 22/22 MP: 2/2
   232 | D:1      | Found a faded altar of an unknown god.
   530 | D:1      | Reached skill level 4 in Ranged Weapons
   647 | D:1      | Found Houblorghe's Distillery.
  1035 | D:2      | Reached XP level 3. HP: 28/28 MP: 3/3
  1035 | D:2      | Noticed Natasha
  1042 | D:2      | Killed Natasha
  1263 | D:2      | Noticed Jessica
  1267 | D:2      | Killed Jessica
  1268 | D:2      | Reached XP level 4. HP: 21/34 MP: 4/4
  1341 | D:2      | Found a runed translucent door.
  1342 | D:2      | Noticed Crazy Yiuf
  1350 | D:2      | Killed Crazy Yiuf
  1613 | D:2      | Reached XP level 5. HP: 40/40 MP: 5/5
  1614 | D:2      | Noticed Natasha
  1623 | D:2      | Killed Natasha
  1846 | D:2      | Noticed Natasha
  1850 | D:2      | Killed Natasha
  1908 | D:2      | Reached skill level 5 in Ranged Weapons
  2245 | D:3      | Found Uxaimn's Antique Armour Emporium.
  2417 | D:3      | Found a shimmering blue altar of Sif Muna.
  2703 | D:3      | Found a stormy altar of Qazlal.
  2703 | D:3      | Found a sparkling altar of Nemelex Xobeh.
  2703 | D:3      | Found a blossoming altar of Fedhas.
  2709 | D:3      | Became a worshipper of Qazlal Stormbringer
  2968 | D:4      | Found a transporter.
  2968 | D:4      | Noticed an ogre
  2968 | D:4      | Noticed Thrusty's ghost (novice CoCK)
  2969 | D:4      | Found a transporter.
  2970 | D:4      | Noticed an ogre
  3038 | D:4      | Noticed a kobold brigand
  3046 | D:4      | Killed a kobold brigand
  3047 | D:4      | Reached XP level 6. HP: 21/47 MP: 6/6
  3276 | D:4      | Found a sand-covered staircase.
  3283 | Ossuary  | Entered an ossuary
  3300 | Ossuary  | Reached * piety under Qazlal
  3348 | Ossuary  | Reached XP level 7. HP: 9/53 MP: 7/7
  3358 | Ossuary  | HP: 2/54 [water moccasin zombie (3)]
  3359 | Ossuary  | Slain by a water moccasin zombie

Illustrated notes

Levels and vault maps discovered:
D:1:      arrival_aquarium_b, layout_loops_ring,
          hellmonk_ecumenical_altar_prayer_group, serial_rivers,
          chequers_serial_rivers_large_a, chequers_serial_rivers_marsh,
          chequers_serial_rivers_large_b, chequers_serial_rivers_room_a,
          chequers_serial_rivers_micro_d, serial_shops, nicolae_shop_crystal
D:2:      minmay_alternating_diamond, layout_basic, fountainhead,
          kennysheep_generic_room_8, uniq_natasha, uniq_crazy_yiuf_cottage,
          uniq_jessica
D:3:      layout_basic, mainiacjoe_overflow_small_starburst,
          gammafunk_temple_overflow_forgotten, serial_shops,
          nicolae_shop_rolling_square, dk_noncrumbling_3,
          nicolae_concentric_dashed_squares_wild
D:4:      cheibrodos_thug_alley, layout_loops_ring, lemuel_round_altar,
          nicolae_wu_jian_immortal_techniques, enter_ossuary_5,
          gammafunk_ghost_smash
Ossuary:  ossuary_tomb_2

Skill      XL: |  1  2  3  4  5  6  7 |
---------------+----------------------+-----
Dodging        | 2 3 |  3.7
Ranged Weapons | 4 5 |  5.9
Fighting       | 3 4 |  4.0
Stealth        | |  0.7

Action                     |  1- 3 |  4- 6 |  7- 9 || total
---------------------------+-------+-------+-------++-------
   Fire: Sling             |    86 |   260 |    22 ||   368
    Use: Scroll            |       |    10 |       ||    10
         Potion            |       |       |     1 ||     1
 Armour: Leather armour    |     2 |    24 |     8 ||    34
  Dodge: Dodged            |     3 |    18 |     7 ||    28
  Block: Other             |       |     1 |       ||     1

Table legend: (Time is in decaauts)
 A = Elapsed time spent in this place.
 B = Non-inter-level travel time spent in this place.
 C = Inter-level travel time spent in this place.
 D = Time resting spent in this place.
 E = Time spent auto-exploring this place.
 F = Levels seen in this place.
 G = Mean time per level.
                   A        B        C        D        E       F      G
               +--------+--------+--------+--------+--------+-----+--------+
         Total |   3468 |   3361 |    107 |      0 |   2885 |   5 |  693.6 |
       Dungeon |   3385 |   3278 |    107 |      0 |   2861 |   4 |  846.2 |
       Ossuary |     83 |     83 |      0 |      0 |     24 |   1 |   83.0 |
               +--------+--------+--------+--------+--------+-----+--------+

Top non-repeatable levels by time:
     D:1: 1080 daAuts
     D:2: 1059 daAuts
     D:3: 879 daAuts
     D:4: 366 daAuts
 Ossuary: 83 daAuts
